 Dungeon Crawl Stone Soup version 0.18.1-6-gd335043 (webtiles) character file.

60 Scarto the Skirmisher (level 4, -1/41 HPs)
             Began as a Hill Orc Fighter on May 19, 2016.
             Slain by Grinder (4 damage)
             ... on level 3 of the Dungeon.
             The game lasted 00:03:12 (1628 turns).

Scarto the Skirmisher (Hill Orc Fighter)            Turns: 1628, Time: 00:03:13

Health: -1/41      AC:  9    Str: 24    XL:     4   Next: 6%
Magic:  13/13      EV:  5    Int:  8    God:
Gold:   116        SH:  9    Dex: 10    Spells: 0 memorised, 3 levels left

rFire  . . .     SeeInvis .     a - +1 war axe
rCold  . . .     Gourm    .     k - +0 chain mail
rNeg   . . .     Faith    .     c - +0 shield
rPois  .         Spirit   .     (no helmet)
rElec  .         Dismiss  .     (no cloak)
rCorr  .         Reflect  .     (no gloves)
SustAt .         Harm     .     (no boots)
MR     .....                    (no amulet)
Stlth  ..........               (no ring)
                                i - ring of magical power

@: mighty, very slightly contaminated, invisible, not resistant to hostile
enchantments, extremely unstealthy
A: no striking features
a: no special abilities


You were on level 3 of the Dungeon.
You were not hungry.

You visited 1 branch of the dungeon, and saw 3 of its levels.

You collected 116 gold pieces.

Inventory:

Hand Weapons
 a - a +1 war axe (weapon)
Armour
 b - a +0 scale mail
 c - a +0 shield (worn)
 k - a +0 chain mail (worn)
Jewellery
 i - a ring of magical power (left hand)
Scrolls
 g - a scroll of fog {unknown}
 h - 3 scrolls of identify
 l - a scroll of blinking
 m - a scroll of immolation
Potions
 p - 2 potions of haste
Comestibles
 f - 2 bread rations
 n - a slice of pizza
 o - a beef jerky


   Skills:
 + Level 4.4 Fighting
 + Level 3.6 Axes
 + Level 3.8 Armour
 + Level 3.7 Shields


You had 3 spell levels left.
You didn't know any spells.

Dungeon Overview and Level Annotations

Branches:
Dungeon (3/15)

Altars:
Ashenzari

Annotations:
D:3 Grinder


Message History

You hit Grinder.
Grinder is heavily wounded.
Grinder hits you.
* * * LOW HITPOINT WARNING * * *
You writhe in agony.
* * * LOW HITPOINT WARNING * * *
Unknown command.
Drink which item? (? for menu, Esc to quit)
You feel very mighty all of a sudden.
Grinder blinks!
Drink which item? (? for menu, Esc to quit)
You fade into invisibility!
Grinder says, "Are you a fish?"
Grinder blinks!
Grinder hits you but does no damage.
Found a notched bone ring.
You hit Grinder.
Grinder is heavily wounded.
Grinder hits you.
You die...

,,,,,,,,,,**,*#.**.,,##..........
,,,,,,,,,,**,*#.##.,**#..........
,,,,,,,,,**#.##.#..,* #.......††#
,,,,,,,,,,,,,?....#**##.........#
,>,,,,,,,***,**#..####..........#
,,,,,,,,,**#,###................#
,,,,,<,,,,,#.#....#####.........#
,,,,,,,,,*,#?..5†..# #.........#
,,,,,,,,,*,#[...@..#**#####......
,,,,,,,,*............# #..<...
*>,,,,,*,=...#.......# #......
*,,,,,,,,##.,####....# #......
,,,,,,,***#*,,* #....#* #......
,*,*,**** **,**#.....# #....(.
,,,*,,,,** *,,*#.##..#* #######
*******,,*****,,,.#*...* **
**,,,,***,,,***,,*


You could see Grinder.

Vanquished Creatures
  A worm (D:2)
  A giant gecko (D:2)
  4 bats
  3 giant cockroaches (D:1)
  8 goblins
  5 hobgoblins
  4 jackals
  11 kobolds
  3 quokkas
  A giant newt (D:2)
  10 rats
51 creatures vanquished.

Notes
Turn   | Place    | Note
--------------------------------------------------------------
     0 | D:1      | Scarto the Hill Orc Fighter began the quest for the Orb.
     0 | D:1      | Reached XP level 1. HP: 19/19 MP: 1/1
   252 | D:1      | Reached XP level 2. HP: 27/27 MP: 2/2
   565 | D:1      | Reached XP level 3. HP: 32/33 MP: 3/3
   663 | D:1      | Reached skill level 4 in Fighting
  1204 | D:2      | Found a shattered altar of Ashenzari.
  1579 | D:3      | Reached XP level 4. HP: 38/41 MP: 4/4
  1604 | D:3      | Noticed Grinder
  1611 | D:3      | Paralysed by Grinder for 5 turns
  1624 | D:3      | HP: 2/41 [Grinder (6)]
  1628 | D:3      | Slain by Grinder

Skill      XL: |  1  2  3 |
---------------+----------+-----
Axes           | 3 |  3.6
Fighting       | 4 |  4.4
Armour         | |  3.8
Shields        | |  3.7

Action                   |  1- 3 |  4- 6 || total
-------------------------+-------+-------++-------
Melee: War axe           |   148 |    18 ||   166
  Use: Scroll            |     8 |       ||     8
       Potion            |     2 |     2 ||     4
  Eat: Bread ration      |     1 |       ||     1
Armor: Scale mail        |    27 |       ||    27
       Chain mail        |    72 |    10 ||    82
Dodge: Dodged            |    42 |     1 ||    43
Block: Shield            |    77 |     9 ||    86
